 Dungeon Crawl Stone Soup version 0.29-a0-876-gfc89b1a5bd (webtiles) character file.

Game seed: 12650662408566455659

4 spaghetti the Insei (level 1, -2/15 HPs)
             Began as a Demigod Transmuter on July 19, 2022.
             Slain by a quokka (3 damage)
             ... on level 1 of the Dungeon.
             The game lasted 00:00:17 (86 turns).

spaghetti the Insei (Demigod Transmuter)              Turns: 86, Time: 00:00:17

Health: -2/15      AC:  2    Str: 11    XL:     1   Next: 40%
Magic:  3/5        EV: 12    Int: 15    God:
Gold:   14         SH:  0    Dex: 14    Spells: 2/3 levels left

rFire   . . .      SeeInvis .     - Unarmed
rCold   . . .      Faith    .   (no shield)
rNeg    . . .      Spirit   .   a - +0 robe
rPois   .          Reflect  .   (helmet currently unavailable)
rElec   .          Harm     .   (no cloak)
rCorr   .          Rampage  .   (no gloves)
Will    .....                   (boots currently unavailable)
Stlth   +.........              (no amulet)
HPRegen 0.05/turn               (no ring)
MPRegen 0.09/turn               (no ring)

@: appendages
A: horns 2, talons 2, high MP 1, forlorn, divine attributes
a: End Transformation


You were on level 1 of the Dungeon.
You had temporarily grown beastly horns and talons.
You visited 1 branch of the dungeon, and saw 1 of its levels.

You collected 14 gold pieces.


Innate Abilities, Weirdness & Mutations

You have temporarily grown beastly horns and talons.
You have an increased reservoir of magic. (+10% MP)
You shall have no god before yourself.
Your divine heritage dramatically boosts your attributes as you level up.


   Skills:
 - Level 0.8 Fighting
 - Level 1.7 Dodging
 + Level 2.8 Unarmed Combat
 - Level 1.7 Spellcasting
 + Level 2.0 Transmutations


You had 2 spell levels left.
You knew the following spells:

 Your Spells              Type           Power      Damage    Failure   Level
a - Beastly Appendage     Tmut           14%        N/A       10%         1

Your spell library contained the following spells:

 Spells                   Type           Power      Damage    Failure   Level
 Wereblood                Tmut           7%         N/A       16%         2
 Spider Form              Tmut/Pois      4%         N/A       41%         3
 Ice Form                 Ice/Tmut       4%         N/A       83%         4

Inventory:

Armour
 a - a +0 robe (worn)
Potions
 b - a potion of lignification {!q}

Dungeon Overview and Level Annotations

Branches:
Dungeon (1/15) Zot: 5913

#.......#...... ..# .
.....#..#............ #.
....#............... ...
#..#.....##........ #...
#.....# #.....##.#.
.....#.....# #..........
####...:..####..........
......r@................
....................###.
......####....#.........
......####....#.........
..... .....####.........
..... ..................
...# ...................
##. ............#####..
...........## #..


You could see a quokka.


Message History

You are too injured to fight recklessly!
You are too injured to fight recklessly!
You are too injured to fight recklessly!
You are too injured to fight recklessly!
You are too injured to fight recklessly!
You are too injured to fight recklessly!
You are too injured to fight recklessly!
You are too injured to fight recklessly!
You are too injured to fight recklessly!
You are too injured to fight recklessly!
You are too injured to fight recklessly!
You are too injured to fight recklessly!
You are too injured to fight recklessly!
Unknown command.
You hit the endoplasm but do no damage. The endoplasm closely misses you.
You barely miss the endoplasm. You hit the endoplasm. The endoplasm misses you.
You hit the endoplasm. The endoplasm hits you. 😕 HP[-1]
You take 1 damage, and now have 13/15 hp.
You completely miss the endoplasm. You punch the endoplasm.
You kill the endoplasm!
Casting: Beastly Appendage (safe; 11% risk of failure)
Confirm with . or Enter, or press ? or * to list all spells.
You grow a pair of large bovine horns.
Your feet morph into talons. 😕 MP[-1]
You lost 1 mp, and now have 4/5 mp.
You are too injured to fight recklessly!
You barely miss the endoplasm.
You claw the endoplasm, but do no damage.
You punch the endoplasm. The endoplasm closely misses you.
You hit the endoplasm.
You kill the endoplasm!
Your transformation is almost over.
Your horns disappear.
Your talons disappear.
You now have 14 gold pieces.
Key pressed, stopping explore.
A ball python comes into view. 😎 HP[+2] MP[+1]
Your hp is fully restored (15).
Your mp is fully restored (5).
A ball python is nearby!
A ball python is nearby!
A frilled lizard comes into view.
The frilled lizard hisses angrily.
A quokka comes into view.
The frilled lizard misses you. The ball python barely misses you.
The ball python grabs you.
The ball python constricts you. 😕 HP[-1]
You take 1 damage, and now have 14/15 hp.
Unknown command.
Casting: Beastly Appendage (safe; 11% risk of failure)
Confirm with . or Enter, or press ? or * to list all spells.
You miscast Beastly Appendage.
You are very lightly contaminated with residual magic.
Nothing appears to happen.
The frilled lizard barely misses you. The ball python bites you.
The ball python constricts you. 😕 HP[-1] MP[-1]
You take 1 damage, and now have 13/15 hp.
You lost 1 mp, and now have 4/5 mp.
Casting: Beastly Appendage (safe; 11% risk of failure)
Confirm with . or Enter, or press ? or * to list all spells.
You grow a pair of large bovine horns.
Your feet morph into talons.
The frilled lizard bites you. The ball python bites you.
The ball python constricts you. 😮 HP[-4] MP[-1]
You take 4 damage, and now have 9/15 hp.
MASSIVE DAMAGE!! (PAUSE)
You lost 1 mp, and now have 3/5 mp.
Unknown command.
You barely miss the frilled lizard. You claw the frilled lizard.
You kill the frilled lizard!
The ball python barely misses you. The ball python constricts you.
You closely miss the ball python. The ball python barely misses you.
The ball python constricts you. The ball python bites you.
* * * LOW HITPOINT WARNING * * *
The ball python constricts you. 😨 HP[-3]
You take 3 damage, and now have 6/15 hp.
You hit the ball python. Your kick misses the ball python.
The ball python barely misses you. The ball python constricts you.
* * * LOW HITPOINT WARNING * * *
😨 HP[-1]
You take 1 damage, and now have 5/15 hp.
You barely miss the ball python. Your kick misses the ball python.
The ball python barely misses you. The ball python constricts you.
Unknown command.
You hit the ball python.
You kill the ball python!
Your Transmutations skill increases to level 2!
You hit the quokka. You claw the quokka. You headbutt the quokka.
The quokka bites you.
* * * LOW HITPOINT WARNING * * *
Your magical contamination has completely faded away. 😱 HP[-4]
You take 4 damage, and now have 1/15 hp.
MASSIVE DAMAGE!! (PAUSE) Unknown command.
You closely miss the quokka. Your kick misses the quokka. The quokka bites you.
You die...

Skill      XL: |  1 |
---------------+----+-----
Transmutations | 2 |  2.0
Fighting       | |  0.8
Dodging        | |  1.7
Unarmed Combat | |  2.8
Spellcasting   | |  1.7

Action                   || total
-------------------------++-------
Melee: Unarmed           ||    14
       Kick              ||     3
       Punch             ||     2
       Headbutt          ||     1
 Cast: Beastly Appendage ||     2
Dodge: Dodged            ||    10

Levels and vault maps discovered:
D:1:      dpeg_arrival_rooms_with_view, layout_basic, minmay_misc_feat_columns

Notes
Turn   | Place    | Note
-------+----------+-------------------------------------------
     0 | D:1      | spaghetti the Demigod Transmuter began the quest for the
                  | Orb.
     0 | D:1      | Reached XP level 1. HP: 15/15 MP: 5/5
     0 | D:1      | magus.rc [v1.9.6]
    85 | D:1      | Reached skill level 2 in Transmutations
    85 | D:1      | HP: 1/15 [quokka (4)]
    86 | D:1      | Slain by a quokka

Vanquished Creatures
  2 endoplasms (D:1)
  A ball python (D:1)
  A frilled lizard (D:1)
4 creatures vanquished.

Table legend:
 A = Non-vault XP
 B = Vault XP
 C = Vault XP percentage of total XP
 D = Non-vault monster count
 E = Vault monster count
 F = Vault count percentage of total count
                 A         B        C        D         E       F
            +---------+---------+-------+---------+---------+-------
      Total |       6 |       0 |   0.0 |       4 |       0 |   0.0
            +---------+---------+-------+---------+---------+-------
        D:1 |       6 |       0 |   0.0 |       4 |       0 |   0.0
            +---------+---------+-------+---------+---------+-------

Illustrated notes

Table legend:
 A = Kills in this place as a percentage of kills in entire the game.
 B = Kills by you in this place as a percentage of kills by you in the entire game.
 C = Kills by friends in this place as a percentage of kills by friends in the entire game.
 D = Other kills in this place as a percentage of other kills in the entire game.
 E = Experience gained in this place as a percentage of experience gained in the entire game.
 F = Experience gained in this place divided by the number of levels of this place that you have seen.
                   A       B       C       D       E      F
               +-------+-------+-------+-------+-------+----------------------
         Total | 100.0 | 100.0 |   N/A |   N/A | 100.0 |   6.0
       Dungeon | 100.0 | 100.0 |   N/A |   N/A | 100.0 |   6.0
               +-------+-------+-------+-------+-------+----------------------

Table legend: (Time is in decaauts)
 A = Elapsed time spent in this place.
 B = Non-inter-level travel time spent in this place.
 C = Inter-level travel time spent in this place.
 D = Time resting spent in this place.
 E = Time spent auto-exploring this place.
 F = Levels seen in this place.
 G = Mean time per level.
                   A        B        C        D        E       F      G
               +--------+--------+--------+--------+--------+-----+--------+
         Total |     85 |     85 |      0 |      0 |     57 |   1 |   85.0 |
       Dungeon |     85 |     85 |      0 |      0 |     57 |   1 |   85.0 |
               +--------+--------+--------+--------+--------+-----+--------+

Top non-repeatable levels by time:
     D:1: 85 daAuts
